AoeStats
← [SICK] Riddick

African Clearing

504358832Analyzed
4v4 RM · 27d ago on Sep 5, 2026· 73m 1s· 8 players
Game mode
Random Map
Map size
Large (8 player)
Population
200
Speed
Normal
Resources
Standard
Victory
Conquest
Starting age
Dark Age
Ending age
Imperial Age
RankedLock teamsTeams togetherTeam positionsShared explorationLock speedFull tech treeHidden civsTurbo modeCheats
Victory
Defeat
🇧🇪 Mongols · Belgium
1190
+17
🇺🇸 Koreans · United States
1182
+17
🇨🇳 Burmese · China
1175
+23
🇲🇽 Japanese · Mexico
1150
+19
🇦🇷 Berbers · Argentina
1322
-22
🇨🇴 Persians · Colombia
1203
-17
🇺🇸 Malians · United States
1183
-17
🇲🇽 Italians · Mexico
1138
-15
Sacrilegious
12:37 Feudal Age
13:06 Loom
12:51 Man-at-Arms
24:43 Castle Age
24:30 Double-Bit Axe
27:31 Fletching
32:56 Fishing Lines
36:32 Bodkin Arrow
37:49 Gillnets
38:58 Stone Mining
40:40 Horse Collar
45:01 Imperial Age
45:30 Bow Saw
45:52 Coinage
44:47 Pikeman
45:28 Squires
45:30 Padded Archer Armor
45:30 Scale Mail Armor
45:41 Forging
46:24 Conscription
46:25 Kataparuto
47:33 Two-Man Saw
46:32 Elite Skirmisher
47:17 Thumb Ring
47:32 Bracer
47:47 Leather Archer Armor
47:57 Ballistics
48:38 Chemistry
48:25 Halberdier
48:51 Gambesons
48:52 Arson
49:06 Gold Mining
49:20 Heavy Plow
50:57 Ring Archer Armor
50:42 Chain Mail Armor
51:03 Iron Casting
50:12 Treadmill Crane
50:43 Masonry
50:38 Siege Engineers
50:29 Murder Holes
50:44 Fortified Wall
50:25 Guard Tower
54:44 Long Swordsman
56:36 Hoardings
59:08 Keep
58:18 Arrowslits
59:08 Plate Mail Armor
59:39 Blast Furnace
59:06 Yasama
60:46 Two-Handed Swordsman
Lunara
3:46 Loom
13:43 Feudal Age
18:11 Castle Age
18:11 Padded Archer Armor
22:19 Bloodlines
40:46 Scale Mail Armor
40:57 Forging
40:55 Pikeman
45:28 Horse Collar
48:02 Chain Mail Armor
48:28 Squires
50:32 Iron Casting
52:38 Wheelbarrow
52:55 Heavy Plow
53:04 Gold Mining
53:05 Stone Mining
56:15 Gold Shaft Mining
59:26 Imperial Age
57:31 Hand Cart
58:38 Gambesons
58:38 Arson
58:47 Fletching
59:33 Elite Arambai
60:37 Conscription
60:52 Ballistics
61:43 Chemistry
61:55 Manipur Cavalry
62:12 Halberdier
62:32 Capped Ram
67:40 Onager
70:10 Crop Rotation
sj
13:41 Feudal Age
17:45 Castle Age
16:01 Double-Bit Axe
19:18 Bow Saw
20:06 Fletching
25:43 Crossbowman
27:17 Bodkin Arrow
34:14 Thumb Ring
35:55 Loom
38:35 Scale Mail Armor
39:05 Pikeman
42:25 Imperial Age
40:03 Horse Collar
41:36 Ballistics
42:37 Gold Mining
43:15 Bracer
42:38 Arbalester
43:11 Capped Ram
44:52 Chain Mail Armor
45:46 Chemistry
44:52 Siege Engineers
45:47 Conscription
46:16 Eupseong
46:32 Squires
46:20 Gambesons
46:06 Halberdier
47:28 Heavy Plow
48:09 Plate Mail Armor
47:54 Forging
51:37 Iron Casting
52:44 Murder Holes
52:35 Arrowslits
54:41 Masonry
62:18 Architecture
61:30 Treadmill Crane
67:23 Caravan
Tangafair
4:01 Loom
14:48 Feudal Age
19:53 Castle Age
18:03 Double-Bit Axe
18:59 Stone Mining
22:57 Wheelbarrow
22:07 Town Watch
27:11 Horse Collar
31:21 Wheelbarrow
30:57 Heavy Plow
32:13 Bow Saw
33:03 Hand Cart
33:36 Fletching
34:33 Bodkin Arrow
34:38 Padded Archer Armor
35:00 Bloodlines
34:51 Husbandry
35:22 Ballistics
35:14 Fortified Wall
35:51 Thumb Ring
35:47 Gold Mining
39:19 Imperial Age
36:59 Scale Barding Armor
37:27 Masonry
37:13 Murder Holes
38:02 Chain Barding Armor
39:20 Elite Mangudai
41:14 Chemistry
40:15 Bracer
40:31 Leather Archer Armor
40:42 Conscription
39:45 Capped Ram
40:42 Siege Ram
42:23 Drill
42:45 Parthian Tactics
46:51 Hoardings
52:08 Coinage
59:33 Forging
59:40 Light Cavalry
60:43 Hussar
62:47 Iron Casting
64:33 Blast Furnace
69:26 Caravan
70:00 Coinage
71:47 Banking
[SICK] NAUTIKOS
4:05 Loom
13:09 Feudal Age
17:45 Castle Age
15:35 Man-at-Arms
17:05 Scale Mail Armor
17:54 Long Swordsman
19:03 Chain Mail Armor
27:45 Squires
27:53 Pikeman
29:36 Forging
32:22 Fletching
39:10 Bodkin Arrow
46:12 Horse Collar
46:33 Double-Bit Axe
54:52 Imperial Age
53:43 Wheelbarrow
53:18 Padded Archer Armor
53:30 Treadmill Crane
54:07 Heavy Plow
55:01 Ballistics
55:18 Elite Genitour
56:26 Leather Archer Armor
57:51 Hand Cart
60:14 Ring Archer Armor
60:06 Thumb Ring
60:52 Bloodlines
60:45 Husbandry
62:31 Plate Mail Armor
63:42 Iron Casting
65:30 Arson
[SICK] Riddick
10:14 Loom
15:30 Feudal Age
19:24 Castle Age
18:29 Fletching
18:45 Double-Bit Axe
19:56 Gold Mining
20:47 Crossbowman
21:41 Padded Archer Armor
24:10 Bow Saw
24:01 Bodkin Arrow
25:50 Thumb Ring
31:39 Town Watch
39:12 Imperial Age
37:05 Leather Archer Armor
42:17 Stone Mining
44:29 Chemistry
43:51 Ballistics
46:05 Treadmill Crane
47:28 Conscription
50:36 Bracer
61:10 Ring Archer Armor
70:08 Horse Collar
[SICK] WhiteSun
4:21 Loom
14:33 Feudal Age
19:32 Castle Age
17:51 Stone Mining
19:36 Horse Collar
21:26 Fletching
22:30 Double-Bit Axe
24:02 Town Watch
26:49 Gold Mining
27:15 Husbandry
27:46 Forging
29:30 Wheelbarrow
31:38 Ballistics
32:04 Kamandaran
38:03 Imperial Age
35:58 Bow Saw
36:31 Hand Cart
36:30 Padded Archer Armor
36:45 Scale Barding Armor
36:30 Crossbowman
37:26 Bloodlines
38:03 Thumb Ring
38:50 Conscription
39:24 Gold Shaft Mining
38:27 Cavalier
39:25 Bodkin Arrow
41:06 Chemistry
40:47 Leather Archer Armor
40:37 Savar
41:51 Chain Barding Armor
42:10 Ring Archer Armor
42:05 Masonry
42:00 Murder Holes
43:02 Iron Casting
43:10 Plate Barding Armor
46:00 Architecture
49:45 Hoardings
52:41 Blast Furnace
53:15 Coinage
67:46 Two-Man Saw
LaTizaNegra
5:01 Loom
12:32 Feudal Age
17:07 Castle Age
28:44 Wheelbarrow
28:52 Fletching
38:26 Gold Mining
38:26 Stone Mining
38:26 Gold Mining
38:26 Stone Mining
38:26 Gold Mining
38:30 Stone Mining
41:26 Double-Bit Axe
42:17 Bow Saw
42:30 Town Watch
43:33 Thumb Ring
45:41 Gold Shaft Mining
45:24 Horse Collar
45:46 Crossbowman
46:34 Padded Archer Armor
46:40 Bodkin Arrow
47:50 Kasbah
48:27 Ballistics
47:47 Treadmill Crane
49:23 Heavy Plow
51:56 Imperial Age
51:29 Stone Shaft Mining
51:40 Coinage
51:58 Husbandry
52:08 Bloodlines
52:40 Leather Archer Armor
52:58 Conscription
53:00 Maghrebi Camels
54:22 Chemistry
53:27 Siege Engineers
53:27 Bracer
53:51 Onager
54:34 Guard Tower
55:01 Elite Genitour
55:48 Elite Camel Archer
57:15 Banking
57:45 Ring Archer Armor
57:52 Forging
58:24 Heavy Scorpion
58:37 Cavalier
59:27 Arrowslits
59:38 Murder Holes
60:19 Hand Cart
60:40 Heavy Cavalry Archer
64:12 Town Patrol
65:04 Iron Casting
64:34 Scale Barding Armor
65:04 Iron Casting
64:35 Scale Barding Armor
68:20 Caravan
70:44 Light Cavalry
71:53 Hussar
73:04 Scale Barding Armor
Connection lost

Rejoining the realm…

Still unreachable

The connection could not be restored.

Session expired

The server has moved on; the page needs a fresh start.